[Event "CCT Chessable Masters Playoffs 2025"]
[Site "Online"]
[Date "2025.02.18"]
[Round "1"]
[White "Praggnanandhaa R"]
[Black "Wei, Yi"]
[Result "0-1"]
[Annotator "TA"]
[ECO "A45"]
[WhiteElo "2741"]
[BlackElo "2755"]
[PlyCount "200"]
[EventDate "2025.02.13"]
[EventType "k.o."]
[EventCountry "NET"]
[SourceTitle "playchess.com"]
[Source "ChessBase"]
[SourceQuality "1"]
[TimeControl "600"]

1. d4 Nf6 2. Bf4 g6 3. Nc3 d5 4. e3 Bg7 5. h4 h5 6. Nf3 {[%emt 0:00:01] A45: Trompowsky Attack.} (6. Nb5 $5 Na6 $8 7. Nc3 $11) 6... O-O 7. Ne5 c5 8. Qd2 {[%emt 0:00:01] The position is equal.} Nc6 9. f3 cxd4 10. exd4 Bf5 11. Bb5 Nxe5 {[%emt 0:00:27] Successful Defense Black} 12. dxe5 Nd7 13. O-O-O Nxe5 14. Rhe1 {[%emt 0:00:07] White sacrificed a pawn} Nc6 15. Bh6 Rc8 16. Bxg7 (16. Nxd5 Qxd5 17. Qxd5 Bxh6+ 18. Kb1 Nb4 19. Qxb7 Rxc2 $19) 16... Kxg7 17. Bxc6 $146 (17. g4 hxg4 18. Bxc6 bxc6 19. fxg4 Bd7 20. h5 f6 21. Qd3 g5 22. Qg6+ Kh8 23. Qh6+ Kg8 24. Qg6+ Kh8 25. Qh6+ Kg8 {½-½ Akhilbay,I (2185)-Kamilov,D (2012) Cheliabinsk Lozovatsky Memorial-A 2023 (10)}) 17... Rxc6 18. g4 hxg4 19. fxg4 Be6 20. h5 d4 21. hxg6 {[%emt 0:01:47] White attacks} ({White should play} 21. Re4 $1 $14) 21... Bxg4 $11 (21... dxc3 $6 22. Qxd8 cxb2+ (22... Rxd8 23. Rxd8 cxb2+ 24. Kxb2 $16) 23. Kxb2 Rxd8 24. Rxd8 $16) 22. Qxd4+ Qxd4 23. Rxd4 Rxg6 24. Rxe7 Bf3 25. b4 Re6 26. Rc7 a6 27. Rd3 Bc6 28. a4 Re5 29. Kb2 Rh8 30. Rg3+ Kf6 {[%emt 0:00:01] [#]} 31. b5 $1 axb5 32. axb5 Bh1 33. Rg4 Rhh5 34. Kb3 Rhg5 35. Rh4 Rh5 {[%emt 0:00:02] Wards off Rxh1} 36. Rd4 Kg6 37. Kb4 Rhf5 38. Rd6+ Rf6 39. Rxf6+ Kxf6 {[%emt 0:00:02][%mdl 4096] Endgame KRB-KRN} 40. Na4 Re7 41. b6 Re1 42. c4 Rb1+ 43. Kc5 Ke6 44. Nc3 Rc1 (44... Ra1 $1 $11) 45. Nb5 (45. Ne2 $16 Rd1 46. Nf4+ Ke5 47. Rxf7) 45... f5 $1 46. Rc8 f4 47. Nd4+ Kf7 48. Rh8 {[%emt 0:00:14] and Ne2 would now be decisive} Rf1 49. Rh4 f3 {[%emt 0:00:06] Dodges Ne2} 50. Rf4+ Kg6 51. Kd6 f2 52. Kc5 Kg5 53. Ne6+ Kg6 54. Nf8+ Kg5 55. Ne6+ Kg6 56. Rf8 $2 (56. Nd4 $11 {and White stays safe.}) 56... Re1 $19 57. Rxf2 Rxe6 {[%emt 0:00:01] KRB-KR} 58. Kb5 Bc6+ 59. Kc5 Rf6 60. Rh2 Kf7 61. Re2 Re6 62. Rh2 Re5+ 63. Kd6 Re6+ $2 (63... Rf5 $19 {White must now prevent ...Kg6.} 64. Rh7+ Kg6) 64. Kc7 $2 (64. Kc5 $11 Bd7 65. Rb2) 64... Re7+ $2 (64... Kf6 65. Rh5 Kg6) 65. Kb8 $2 (65. Kd6 $19 Re6+ 66. Kc7) 65... Re4 $2 (65... Kf6 {mates} 66. c5 Rg7 67. Re2 Rg5 68. Rh2 Ke6 (68... Rxc5 $2 69. Rh6+ Ke5 70. Rh5+ Kd6 71. Rh6+ Kd5 72. Rh4 $19) 69. Rh7 Kd5 (69... Rxc5 $2 70. Rh4 $19) 70. Ka7 Kxc5 71. Rh2 Bd5 72. Rc2+ Kd6 73. Rc1 Rg3 74. Rf1 Ra3+ 75. Kb8 Kc6 76. Rf6+ Kc5 77. Rg6 Bc6 78. Kc7 Rd3 79. Rg7 Kb5 80. Re7 Ka6 81. Rg7 Rd2 (81... Rc3 $2 82. Kd6 $19) 82. Rf7 Rd7+ 83. Rxd7 Bxd7 84. Kxd7 Kxb6 85. Kd6 Ka5 86. Ke5 b5 87. Ke4 Ka4 88. Ke3 Ka3 89. Ke2 b4 90. Kd2 b3 91. Kc1 Ka2 92. Kd2 b2 93. Ke3 b1=Q (93... b1=R $2 94. Kf4 $19) 94. Kf4 Qf1+ 95. Kg5 Kb2 96. Kg6 Kc3 97. Kg7 Kd4 98. Kg8 Qg2+ 99. Kf8 Qb7 100. Ke8 Ke5 101. Kf8 Kf6 102. Kg8 Qg7#) 66. c5 $2 (66. Kc7 $19) 66... Ke6 67. Rh5 Re5 68. Rh2 Kd5 69. Kc7 Kxc5 70. Rc2+ Kb5 71. Rb2+ Ka6 72. Ra2+ {[%emt 0:00:01] [#]} Ra5 $1 73. Rd2 Ra4 74. Rc2 Kb5 75. Rb2+ Rb4 76. Rf2 Ka5 (76... Be4 $142 77. Ra2 Rc4+ 78. Kd6 Kxb6 79. Ra8 Kb5 80. Ra2 Kb4 81. Ke7 b5 82. Kf8 Kb3 83. Re2 b4 84. Kg7 Kc3 85. Re3+ Bd3 86. Rg3 b3 87. Rg2 b2 88. Rxb2 Kxb2 89. Kf6 Kc3 90. Kg5 Rc5+ 91. Kf6 Kd4 92. Ke6 Bf5+ 93. Kf6 Ke4 94. Kg7 Ke5 95. Kh6 Kf6 96. Kh5 Rc4 97. Kh6 Rh4#) 77. Ra2+ {[%emt 0:00:01] [#]} Kb5 $2 ({Black should play} 77... Ra4 $1 $19 78. Rc2 Re4 79. Ra2+ Ra4) 78. Re2 $2 (78. Rf2 $11 Ka6 79. Rf1) 78... Rh4 79. Re5+ Ka6 {[%emt 0:00:01] ( -> ...Rd4)} 80. Re7 Rh6 (80... Rd4 $142 81. Rg7 Rd7+ 82. Rxd7 Bxd7 83. Kxd7 Kxb6 84. Kd6 Ka5 85. Ke6 Ka4 86. Kf5 b5 87. Ke4 b4 88. Ke3 b3 89. Kd2 Kb4 90. Kd3 Ka3 91. Ke4 b2 92. Kf5 b1=Q+ (92... b1=R $2 93. Kf4 $19) 93. Kg5 Qb5+ 94. Kg6 Kb4 95. Kh6 Qf5 96. Kg7 Qg5+ 97. Kh7 Kc4 98. Kh8 Kd5 99. Kh7 Ke6 100. Kh8 Kf7 101. Kh7 Qh5#) 81. Rf7 Rh5 {[%emt 0:00:01] ( -> ...Rd5)} 82. Rg7 Rd5 {[%emt 0:00:00] Black mates.} 83. Re7 {[%emt 0:00:00] [#]} Rd7+ $1 84. Rxd7 Bxd7 85. Kxd7 Kxb6 {[%emt 0:00:00] KP-K. Black is a pawn up.} 86. Ke6 Kc5 87. Ke5 b5 88. Ke4 Kc4 89. Ke3 Kc3 90. Ke4 b4 91. Kf3 b3 92. Ke2 b2 93. Kf2 b1=Q ({Not} 93... b1=B 94. Kg3 $11) 94. Kg3 Qe4 95. Kf2 Kd4 96. Kg3 Qf5 97. Kh2 Ke3 98. Kg2 Qg6+ 99. Kf1 Qg4 100. Ke1 Qg1# {[%emt 0:00:00] Weighted Error Value: White=0.14 (very precise) /Black=0.05 (flawless)   Loses game:     	White=2     	---        Missed win:     	---       	Black=1      Mistake:       	White=4     	Black=2      Inaccurate:     	---       	Black=1      OK:         	White=19    	Black=32     Best:        	White=1     	Black=4      Strong:       	---       	Black=1} 0-1

[Event "CCT Chessable Masters Playoffs 2025"]
[Site "Online"]
[Date "2025.02.18"]
[Round "1"]
[White "Duda, Jan-Krzysztof"]
[Black "Nepomniachtchi, Ian"]
[Result "0-1"]
[Annotator "TA"]
[ECO "D00"]
[WhiteElo "2739"]
[BlackElo "2754"]
[PlyCount "102"]
[EventDate "2025.02.13"]
[EventType "k.o."]
[EventCountry "NET"]
[SourceTitle "playchess.com"]
[Source "ChessBase"]
[SourceQuality "1"]
[TimeControl "600"]

1. d4 Nf6 2. Bg5 d5 3. c3 e6 4. Nd2 c5 5. e3 Qb6 6. Rb1 {[%emt 0:00:02] D00: 1 d4 d5: Unusual lines.} Nc6 7. Ngf3 Be7 8. Bd3 {[%emt 0:00:02] White is slightly better.} h6 9. Bh4 cxd4 10. exd4 Nh5 $5 {[%emt 0:00:00][%mdl 4] A promising side line.} 11. Bg3 {[%emt 0:00:09] Prevents Nf4} Nxg3 12. hxg3 Bd7 13. Qe2 Qc7 $146 ({Predecessor:} 13... a5 14. O-O a4 15. a3 h5 16. Rfe1 Kf8 17. Nf1 Bf6 18. N1h2 Re8 19. Ne5 Nxe5 20. dxe5 {1-0 Barletta,M (2230)-Contin,D (2390) ITA-chT Italy 1995}) 14. a4 ({Better is} 14. O-O $11) 14... Bd6 15. O-O O-O 16. Rfe1 Rae8 17. Ne5 Nxe5 18. dxe5 Bc5 19. Bc2 Rc8 20. Qd3 g6 21. Nf3 Rfd8 22. Qd2 Kg7 23. Nh2 h5 24. Nf3 Be8 25. Qf4 Qe7 {[%emt 0:00:11] Successful Defense Black} 26. Re2 a5 27. Bd3 Rb8 28. b4 Bb6 29. g4 hxg4 30. Qxg4 {[%emt 0:00:00] Black must now prevent Ng5.} Bd7 31. bxa5 Bxa5 32. Nh4 (32. c4 $11 {keeps the balance.}) 32... Rh8 $17 {[%emt 0:00:25] White is on the road to losing.} 33. Nxg6 fxg6 $40 {[%emt 0:00:01][%mdl 128] Black attacks with force.} 34. Qxg6+ Kf8 35. Re3 {[%emt 0:00:00] [#] White wants to mate with Rf3+.} Qg7 $1 36. Rf3+ Kg8 37. c4 Qxg6 (37... Bxa4 38. Qxe6+) 38. Bxg6 dxc4 (38... Bxa4 39. Ra1 Bc6 (39... b5 40. cxb5 Rh4 41. Rfa3 $14) 40. Bf7+ (40. Rxa5 dxc4 41. Rf6 Kg7 $11) 40... Kg7 41. Bxe6 $16 (41. Rxa5 dxc4 42. Bxe6 Bxf3 $17)) 39. Rd1 (39. Rg3 $142 Kf8 (39... Bxa4 40. Be8+ Kf8 41. Bxa4 $14) 40. Rf3+ Kg7 41. Rg3) 39... Bc6 (39... Bxa4 40. Bf7+ Kg7 41. Bxe6 $19) 40. Rg3 Kf8 ({Less strong is} 40... Bxa4 41. Be8+ Kf8 42. Bxa4 $11) 41. Rd4 Ke7 (41... Bxa4 42. Rf3+ Kg8 43. Rg4 $18) 42. Rxc4 Rbg8 43. Rf4 Rg7 44. Rf6 Rf8 (44... Bxa4 45. Bf5 Rxg3 46. Rxe6+ Kd8 47. fxg3) 45. Rxf8 Kxf8 46. Kh2 Ke7 {[%emt 0:00:05][%cal Oa5e1] And now ...Be1! would win.} ({Resist} 46... Bxa4 47. Bd3) 47. f4 $2 (47. Bc2 Rf7 48. f3) 47... Bd2 {[%emt 0:00:02] Black is clearly winning.} 48. Rg4 {[%emt 0:00:04] [#]} Bxf4+ $1 49. Rxf4 Rxg6 50. g4 Rg5 51. Kg3 Rxe5 {[%emt 0:00:01] Weighted Error Value: White=0.32/Black=0.10 (very precise)   Mistake:       	White=5     	---        Inaccurate:     	White=4     	Black=1      OK:         	White=17    	Black=14     Best:        	---       	Black=2      Strong:       	---       	Black=1} 0-1

[Event "CCT Chessable Masters Playoffs 2025"]
[Site "Online"]
[Date "2025.02.18"]
[Round "1"]
[White "Duda, Jan-Krzysztof"]
[Black "Nepomniachtchi, Ian"]
[Result "1-0"]
[Annotator "ChessBase"]
[ECO "A13"]
[WhiteElo "2739"]
[BlackElo "2754"]
[PlyCount "117"]
[EventDate "2025.02.13"]
[EventType "k.o."]
[EventCountry "NET"]
[SourceTitle "playchess.com"]
[Source "ChessBase"]
[SourceQuality "1"]
[TimeControl "600"]

1. Nf3 d5 2. c4 e6 3. b3 Nf6 4. Bb2 Be7 5. cxd5 exd5 6. g3 O-O 7. Bg2 Re8 8. O-O Bf8 9. Re1 h6 10. h3 Bf5 11. d3 Nbd7 12. Nbd2 Bh7 13. Qc2 c6 14. Rad1 Qa5 15. e4 Nc5 16. Bc3 Qd8 17. b4 Ne6 18. Nb3 Rc8 19. Qb2 b6 20. a3 Be7 21. Ne5 Qc7 22. f4 Rcd8 23. Rc1 dxe4 24. dxe4 c5 25. b5 Bf8 26. Nd2 Nh5 27. Re3 Nexf4 28. gxf4 Nxf4 29. Rf1 Nxg2 30. Kxg2 Rxd2+ 31. Qxd2 Rxe5 32. Bxe5 Qxe5 33. Qd5 Qe7 34. e5 Bg6 35. Ref3 c4 36. e6 f6 37. Qxc4 Kh7 38. Qc6 Be8 39. Qe4+ Bg6 40. Qc6 Be8 41. Qd5 Qc7 42. Rg3 a6 43. Qd3+ Kh8 44. bxa6 Bd6 45. a7 Bc6+ 46. Rgf3 Bc5 47. Qd7 Bxd7 48. exd7 Qd8 49. Re1 Kh7 50. Re8 Qxd7 51. a8=Q Qd2+ 52. Kf1 Qc1+ 53. Re1 Qc4+ 54. Kg2 f5 55. Qc8 Qc2+ 56. Kh1 Kg6 57. Qe6+ Kg5 58. Rg3+ Kh4 59. Rxg7 1-0

[Event "CCT Chessable Masters Playoffs 2025"]
[Site "Online"]
[Date "2025.02.18"]
[Round "1"]
[White "Giri, Anish"]
[Black "Firouzja, Alireza"]
[Result "0-1"]
[Annotator "TA"]
[ECO "A11"]
[WhiteElo "2728"]
[BlackElo "2760"]
[PlyCount "72"]
[EventDate "2025.02.13"]
[EventType "k.o."]
[EventCountry "NET"]
[SourceTitle "playchess.com"]
[Source "ChessBase"]
[SourceQuality "1"]
[TimeControl "600"]

1. c4 c6 2. Nf3 d5 3. e3 Nf6 4. Nc3 e6 5. b3 Bd6 6. Bb2 O-O 7. Be2 b6 {[%emt 0:00:13] Recently 7...e5 got a lot of attention. A11: English Opening: 1...c6.} 8. Rg1 e5 $146 {[%emt 0:01:01][%cal Od5d4] Black wants to play ...d4!.} ({Predecessor:} 8... Bb7 9. g4 Na6 10. h4 Ne4 11. Nxe4 dxe4 12. Ng5 Nc5 13. Qc2 Rb8 14. b4 Nd3+ 15. Bxd3 exd3 16. Qxd3 {1-0 Duda,J (2731)-Bharath,S (2495) Titled Tuesday intern op 04th Oct Early blitz 2022 (9)}) 9. cxd5 (9. d4 $1 $11 e4 10. Ne5) 9... cxd5 $15 {[%emt 0:00:00] Black is slightly better.} 10. Nb5 e4 11. Ne5 Re8 12. Nxd6 Qxd6 13. Rc1 Bb7 14. Qc2 Na6 {[%emt 0:00:56] Against Qc7} (14... Rxe5 15. Qc7 Qxc7 16. Rxc7 $16) 15. Bxa6 Bxa6 16. Qc7 Qe6 (16... Qxc7 17. Rxc7 Rec8 18. Rc6 Nd7) 17. Rc6 Rec8 (17... Re7 {simplifies} 18. Rxe6 Rxc7 19. Rc6 Rac8) 18. Qxc8+ Qxc8 19. Rxc8+ Rxc8 20. Kd1 {[%emt 0:00:18] Dodges Rc2} Ne8 21. f4 Nd6 22. a4 (22. Bc3 $142) 22... f6 $17 23. Ng4 h5 (23... Bd3 $17 24. Bc3 Nf5) 24. Nf2 $15 Nf5 25. g3 (25. Re1 $15) 25... Kf7 (25... Bd3 $1 $17 {...Bc2+ is the strong threat.} 26. Nxd3 exd3) 26. h3 h4 $36 {[%emt 0:00:20][%mdl 2048] Black is really pushing.} 27. g4 Ng3 28. Nh1 Nf1 $1 {[%emt 0:00:21] Black is much more active.} 29. Rg2 {[%emt 0:00:41] [#]} ({White should play} 29. Nf2 $15) 29... Bd3 $1 $19 30. Bd4 {[%emt 0:00:39] [#]} Rc2 (30... Bc2+ $1 $19 31. Ke2 Bxb3 32. Kxf1 Rc1+ (32... Bxa4 33. Rg1 $16) 33. Kf2 Rxh1) 31. g5 $2 {[%emt 0:00:04][%mdl 8192] Loses the game.} (31. Rf2 $17 Rc6 32. g5) 31... Ra2 32. gxf6 (32. Ke1 $142 Nxe3 33. dxe3 Rxg2 34. Nf2) 32... gxf6 33. f5 (33. Ke1 $142 Rc2 34. Nf2 Rc1+ (34... Nxd2 $2 35. Bxf6 Bf1 36. Kd1 $19) (34... Rxd2 $2 35. Rg1 $19) 35. Nd1) 33... Ra3 $2 (33... Nxe3+ 34. dxe3 Rxg2) 34. Nf2 $2 (34. Rg6 {nothing else works.}) 34... Rxb3 {[%emt 0:00:19][%cal Rb3b1] Black is clearly winning.} 35. Nxd3 exd3 (35... Rxd3 36. Rf2 Ng3 37. Bc3 $15) 36. Kc1 {[%emt 0:00:07] Inhibits Rb1+.} Ng3 {[%emt 0:00:02] Weighted Error Value: White=0.72/Black=0.76  Loses game:     	White=1     	---        Mistake:       	White=7     	Black=3      Inaccurate:     	White=2     	Black=1      OK:         	White=11    	Black=8      Best:        	White=2     	Black=2      Strong:       	---       	Black=1} 0-1

[Event "CCT Chessable Masters Playoffs 2025"]
[Site "Online"]
[Date "2025.02.18"]
[Round "1"]
[White "Yu, Yangyi"]
[Black "So, Wesley"]
[Result "1/2-1/2"]
[Annotator "TA"]
[ECO "B51"]
[WhiteElo "2715"]
[BlackElo "2747"]
[PlyCount "89"]
[EventDate "2025.02.13"]
[EventType "k.o."]
[EventCountry "NET"]
[SourceTitle "playchess.com"]
[Source "ChessBase"]
[SourceQuality "1"]
[TimeControl "600"]

1. e4 c5 2. Nf3 d6 3. Bb5+ Nd7 4. c4 Ngf6 5. Nc3 a6 6. Ba4 {[%emt 0:00:02] B51: Sicilian: Moscow Variation (3 Bb5+) without 3...Bd7.} b6 $146 (6... Qc7 $11) ({Predecessor:} 6... e6 7. O-O Be7 8. d3 O-O 9. Qe2 Qc7 10. Ne1 Ne5 11. f4 Nc6 12. Nf3 Nd4 13. Nxd4 cxd4 {0-1 Anton Guijarro,D (2670)-Grischuk,A (2732) Wch Rapid Samarkand 2023 (13)}) 7. d3 (7. d4 $16) 7... Bb7 8. O-O {[%emt 0:00:00] White is more active.} e6 9. h3 (9. d4 $14 {is more appropriate.}) 9... Be7 $11 10. Re1 O-O 11. Bf4 Qc7 12. a3 Ne5 13. b4 {[%emt 0:00:12] [#]} b5 $1 14. Bb3 Nfd7 15. Rc1 bxc4 16. Bxc4 Rfc8 17. b5 Nxc4 18. dxc4 e5 19. Bg5 f6 20. Be3 axb5 21. Nxb5 Qc6 22. Nd2 Nf8 23. Qg4 Qd7 (23... Rd8 {feels hotter.} 24. Nc3 Rxa3 25. Nd5 Qd7) 24. Qxd7 Nxd7 25. f3 Bc6 26. Ra1 Bxb5 27. cxb5 Nb6 {[%emt 0:00:00] Dodges Nc4} 28. a4 {[%emt 0:00:21] Black must now prevent a5.} Rxa4 29. Rxa4 Nxa4 30. Nc4 {[%emt 0:00:18] [#]} (30. Ra1 $1 $11 Nb6 31. Ra7) 30... Rb8 $1 $17 31. Rb1 {[%emt 0:00:16] [#]} Nb6 (31... Kf7 $1 $17 32. b6 Rb7) 32. Nxb6 $11 Rxb6 {[%emt 0:00:00][%mdl 4096] Endgame KRB-KRB. Black is a pawn up.} 33. Kf1 Kf7 34. Ke2 Ke6 35. Kd3 d5 (35... f5 $11 {keeps the balance.}) 36. exd5+ $16 Kxd5 37. Kc3 Rb8 (37... Kd6 $14) 38. Rd1+ {[%emt 0:00:01][%mdl 1024] White has strong compensation.} Ke6 39. Kc4 f5 40. Ra1 (40. Bxc5 Rc8 41. Rd5 e4 (41... f4 42. b6 $16)) 40... e4 41. Ra6+ (41. Bxc5 Bxc5 42. Kxc5 Rc8+ 43. Kb6 e3 $11) 41... Kd7 42. Ra7+ (42. Bxc5 $6 Bxc5 43. Kxc5 e3 $11) 42... Ke6 43. Ra6+ (43. Bxc5 $6 Bxc5 44. Kxc5 e3 $11) 43... Kd7 44. Ra7+ (44. Bxc5 $6 Bxc5 45. Kxc5 e3 $14) 44... Ke6 45. Ra6+ {[%emt 0:00:01] Weighted Error Value: White=0.17 (very precise) /Black=0.17 (very precise)   Mistake:       	White=4     	Black=4      Inaccurate:     	White=2     	Black=4      OK:         	White=12    	Black=11     Best:        	White=6     	Black=5      Strong:       	---       	Black=1} ({But not} 45. Bxc5 $6 Bxc5 46. Kxc5 e3 $11) (45. fxe4 $16 fxe4 46. Bxc5 Bxc5 47. Kxc5) 1/2-1/2

[Event "CCT Chessable Masters Playoffs 2025"]
[Site "Online"]
[Date "2025.02.18"]
[Round "1"]
[White "Yu, Yangyi"]
[Black "So, Wesley"]
[Result "1-0"]
[Annotator "ChessBase"]
[ECO "E20"]
[WhiteElo "2715"]
[BlackElo "2747"]
[PlyCount "123"]
[EventDate "2025.02.13"]
[EventType "k.o."]
[EventCountry "NET"]
[SourceTitle "playchess.com"]
[Source "ChessBase"]
[SourceQuality "1"]
[TimeControl "600"]

1. d4 Nf6 2. c4 e6 3. Nc3 Bb4 4. Nf3 c5 5. g3 Ne4 6. Qc2 Qa5 7. Qxe4 Bxc3+ 8. Bd2 Bxd2+ 9. Nxd2 Qb6 10. dxc5 Qxb2 11. Rb1 Qa3 12. Qd4 O-O 13. Bg2 Na6 14. Nb3 Qb4+ 15. Qd2 Qxc4 16. O-O Nxc5 17. Rfc1 Nxb3 18. Rxb3 Qa6 19. Rc7 d5 20. Rbc3 Qd6 21. Qd4 b6 22. e4 Rd8 23. exd5 exd5 24. R3c6 Qf8 25. h4 Bd7 26. Rc3 Be6 27. Kh2 h6 28. a4 Rdc8 29. Qe5 Rxc7 30. Rxc7 Rd8 31. Qd4 Rc8 32. Rxa7 Qc5 33. Qf4 d4 34. Bh3 Rf8 35. Rc7 Qd5 36. Bg2 Qd8 37. Rc6 Qd7 38. Rxb6 Qxa4 39. Rd6 Qc4 40. Qxd4 Qxd4 41. Rxd4 Rc8 42. Bh3 Bxh3 43. Kxh3 Kf8 44. Kg2 Re8 45. Rd3 h5 46. Kf3 g6 47. Re3 Rd8 48. Re4 Rd7 49. Re3 Kg7 50. Re4 Kf6 51. Re3 Rd4 52. Re4 Rd3+ 53. Re3 Rd2 54. Re4 Rd5 55. Rf4+ Rf5 56. Ke4 Rxf4+ 57. Kxf4 Ke6 58. Kg5 Ke5 59. f3 Ke6 60. f4 Kd5 61. Kf6 Ke4 62. Kxf7 1-0

[Event "CCT Chessable Masters Playoffs 2025"]
[Site "Online"]
[Date "2025.02.18"]
[Round "1"]
[White "Esipenko, Andrey"]
[Black "Carlsen, Magnus"]
[Result "0-1"]
[Annotator "TA"]
[ECO "E43"]
[WhiteElo "2695"]
[BlackElo "2833"]
[PlyCount "68"]
[EventDate "2025.02.13"]
[EventType "k.o."]
[EventCountry "NET"]
[SourceTitle "playchess.com"]
[Source "ChessBase"]
[SourceQuality "1"]
[TimeControl "600"]

1. d4 Nf6 2. c4 e6 3. Nc3 Bb4 4. Nf3 b6 5. e3 Bb7 6. Bd3 O-O 7. O-O c5 8. Na4 cxd4 9. exd4 Bxf3 {[%emt 0:00:10] E43: Nimzo-Indian: Rubinstein: 4...b6.} 10. Qxf3 Nc6 11. Be3 e5 $5 {[%emt 0:00:02][%mdl 4] A promising side line.} (11... Be7 $11) 12. a3 $146 (12. d5 $1 $16 Na5 13. Bg5) (12. d5 e4 13. Bxe4 Ne5 14. Qf4 Re8 15. Bf3 Bd6 16. Qd4 Nxf3+ 17. gxf3 Qc7 18. Nc3 Bxh2+ {0-1 Mamedyarov,S (2800)-Karjakin,S (2781) Paris GCT Blitz 2017 (14)}) 12... exd4 $11 13. Bf4 {[%emt 0:00:02] White sacrificed a pawn. A sharp opening} Be7 14. b4 Re8 15. Rfe1 Bf8 (15... Rc8 $142) 16. g4 Rc8 (16... Re6 $11) 17. c5 ({Only move:} 17. g5 $16) 17... bxc5 $15 18. g5 Rxe1+ (18... cxb4 $5 19. Ba6 (19. gxf6 Qxf6 20. Qh3 g6 $17) 19... Rxe1+ 20. Rxe1 Ne8 21. Bxc8 Qxc8 22. axb4 Nc7 $15 (22... Bxb4 23. Rb1 $15) (22... Nxb4 23. Rc1 $15)) 19. Rxe1 Ne8 $2 {[%emt 0:00:03] [#]} (19... cxb4 $11 {and Black has nothing to worry.} 20. gxf6 Qxf6) 20. Bc4 $1 $18 (20. bxc5 Qa5 21. Qd1 (21. Qe4 g6 $17) 21... g6 $17 (21... Bxc5 $2 22. Bd2 $18)) (20. Nxc5 Bxc5 21. bxc5 Nc7 $16) 20... d5 (20... cxb4 $2 21. Bxf7+ (21. Qd5 Nd6 $11) 21... Kxf7 22. Bc7+ Kg8 23. Bxd8 Rxd8 24. Nc5 $18) 21. Bxd5 Qd7 {[%emt 0:00:02] Black is weak on the light squares} (21... Ne7 $2 22. Bxf7+ Kh8 23. Nxc5 $18 (23. bxc5 Qa5 $18)) 22. Nxc5 Bxc5 23. bxc5 Ne7 $2 (23... g6 $16 {is a better chance.} 24. h4 Ng7) 24. Bb3 {[%emt 0:02:14] This pair of bishops is nice.} (24. Bxf7+ $142 Kxf7 25. Bd6+ Kg6 26. Rxe7 (26. Bxe7 Qf5 $18)) 24... Rxc5 25. Qe4 {[%emt 0:00:18] Wards off Ng6} (25. Bg3 $18 Rf5 26. Qe4) 25... Kf8 $16 26. Qxh7 ({White should try} 26. Bd2 $16 {[%cal Ob3a4] Black must now prevent Ba4!.} Nd6 27. Qxd4) 26... Ng6 $11 {[%emt 0:00:09][%cal Od4d3] Repels Ba4} 27. h3 Rc3 (27... a5 $15) 28. Be6 fxe6 ({Better is} 28... Qb5 $11) 29. Qxg6 $14 Qf7 30. Qe4 (30. Rxe6 Qxg6 31. Rxg6 Rxa3 $14) 30... Rxh3 {[%emt 0:00:05] [#]} (30... Qf5 $142) 31. Qxd4 (31. Qxe6 $6 Qxe6 32. Rxe6 Rxa3 $14) (31. Bd2 $1 $16) 31... Qf5 {[%emt 0:00:06] aiming for ...Qg4+.} 32. Bg3 (32. Qe5 $14) 32... Qxg5 $11 33. Qb4+ Kg8 34. Rxe6 $2 (34. Qb3 $11 {and White stays safe.} Kh7 35. Kg2 (35. Rxe6 {leads to mate.} Qc1+) (35. Qxe6 Rxg3+ 36. fxg3 Qxg3+ 37. Kh1 Qf3+ 38. Kh2 Qf2+ 39. Kh1 Qf3+ 40. Kh2 Qf2+ 41. Kh1 Qf3+ $11)) 34... Rxg3+ $1 {[%emt 0:00:05] What a bad dream for White.   Weighted Error Value: White=0.74/Black=0.46  Loses game:     	White=1     	Black=2      Missed win:     	White=1     	---        Mistake:       	White=7     	Black=6      Inaccurate:     	White=1     	Black=2      OK:         	White=6     	Black=7      Best:        	White=1     	Black=3      Strong:       	White=1     	Black=1} 0-1

[Event "CCT Chessable Masters Playoffs 2025"]
[Site "Online"]
[Date "2025.02.18"]
[Round "1"]
[White "Esipenko, Andrey"]
[Black "Carlsen, Magnus"]
[Result "1/2-1/2"]
[Annotator "ChessBase"]
[ECO "D35"]
[WhiteElo "2695"]
[BlackElo "2833"]
[PlyCount "180"]
[EventDate "2025.02.13"]
[EventType "k.o."]
[EventCountry "NET"]
[SourceTitle "playchess.com"]
[Source "ChessBase"]
[SourceQuality "1"]
[TimeControl "600"]

1. d4 Nf6 2. c4 e6 3. Nc3 d5 4. cxd5 exd5 5. Bg5 Be7 6. e3 h6 7. Bh4 c6 8. Bd3 O-O 9. Bg3 Re8 10. Nf3 Nbd7 11. h3 Bb4 12. Nd2 Nf8 13. O-O Bd6 14. Bxd6 Qxd6 15. Qc2 Bd7 16. b4 Ne6 17. Nf3 a5 18. bxa5 Rxa5 19. a4 c5 20. Nb5 Qe7 21. Bf5 Rea8 22. Rab1 c4 23. Ne5 Be8 24. Nc3 Bxa4 25. Nxa4 Rxa4 26. Rb5 Nd8 27. Rfb1 Ra1 28. Ng4 Ne4 29. Bxe4 Qxe4 30. Qxe4 dxe4 31. Rxa1 Rxa1+ 32. Kh2 Ra6 33. Ne5 c3 34. Rc5 f6 35. Ng6 Kf7 36. Nh8+ Ke8 37. Rxc3 f5 38. h4 h5 39. Rc8 Rf6 40. Kg3 b5 41. Kf4 b4 42. Rb8 Rh6 43. Rxb4 Rxh8 44. Rb5 g6 45. d5 Ke7 46. Rb6 Rg8 47. Ke5 Nf7+ 48. Kd4 Nd6 49. Ra6 Rd8 50. Rc6 Ra8 51. Ke5 Nf7+ 52. Kf4 Rd8 53. Re6+ Kf8 54. Rxg6 Rxd5 55. Rf6 Rd2 56. Rxf5 Rxf2+ 57. Kxe4 Rxg2 58. Rxh5 Ke7 59. Ra5 Rg4+ 60. Kf3 Rxh4 61. Ra7+ Kf6 62. Ra6+ Kf5 63. Ra5+ Ne5+ 64. Kg3 Rg4+ 65. Kf2 Rb4 66. Kg3 Ke4 67. Ra8 Kxe3 68. Re8 Rg4+ 69. Kh3 Rg5 70. Kh4 Rf5 71. Kg3 Ke4 72. Rg8 Rf3+ 73. Kg2 Ke3 74. Re8 Rf5 75. Kg3 Kd4 76. Rd8+ Ke4 77. Rg8 Rf1 78. Kg2 Ra1 79. Re8 Ra3 80. Rf8 Ng6 81. Re8+ Kf4 82. Rg8 Nh4+ 83. Kf2 Ra2+ 84. Ke1 Nf3+ 85. Kd1 Nd4 86. Re8 Kf3 87. Kc1 Ne2+ 88. Kb1 Nc3+ 89. Kc1 Rg2 90. Re3+ Kxe3 1/2-1/2